 Dungeon Crawl Stone Soup version 0.28-a0-79-g444c7a33f5 (webtiles) character file.

Game seed: 12275792519713405791

105 mcsnuffy the Conjurer (level 4, -1/25 HPs)
             Began as a Deep Elf Conjurer on Aug 2, 2021.
             Slain by a bullfrog (7 damage)
             ... in a sewer.
             The game lasted 00:08:05 (2136 turns).

mcsnuffy the Conjurer (Deep Elf Conjurer)           Turns: 2136, Time: 00:08:06

Health: -1/25      AC:  2    Str:  5    XL:     4   Next: 54%
Magic:  8/13       EV: 13    Int: 23    God:
Gold:   102        SH:  0    Dex: 13    Spells: 10/13 levels left

rFire   . . .      SeeInvis .   e - +1 dagger (drain)
rCold   . . .      Faith    .   (no shield)
rNeg    . . .      Spirit   .   a - +0 robe
rPois   .          Reflect  .   (no helmet)
rElec   .          Harm     .   (no cloak)
rCorr   .          Rampage  .   (no gloves)
Will    .....                   (no boots)
Stlth   ++........              (no amulet)
HPRegen 0.08/turn               (no ring)
MPRegen 0.13/turn               (no ring)

@: no status effects
A: no striking features
a: no special abilities


You were in a sewer.
You visited 1 branch of the dungeon, and saw 3 of its levels.
You also visited: Sewer.

You collected 102 gold pieces.

Inventory:

Hand Weapons
 e - a +1 dagger of draining (weapon)
Armour
 a - a +0 robe (worn)
Scrolls
 c - a scroll of fear {unknown}
 f - a scroll of identify {unknown}
 i - a scroll of summoning {unknown}
Potions
 b - a potion of cancellation {unknown}
 d - a potion of curing {unknown}
 g - a potion of degeneration {unknown}
 h - a potion of attraction {unknown}


   Skills:
 - Level 1.0 Fighting
 + Level 3.3 Dodging
 - Level 2.4 Stealth
 - Level 5.0 Spellcasting
 - Level 5.0 Conjurations


You had 10 spell levels left.
You knew the following spells:

 Your Spells              Type           Power      Damage    Failure   Level
a - Magic Dart            Conj           100%       1d8       1%          1
b - Searing Ray           Conj           56%        3d5       1%          2

Your spell library contained the following spells:

 Spells                   Type           Power      Damage    Failure   Level
 Dazzling Flash           Conj/Hex       34%        N/A       10%         3
 Fulminant Prism          Conj/Hex       8%         3d7       32%         4
 Iskenderun's Mystic Bla  Conj/Tloc      17%        2d5       32%         4


Dungeon Overview and Level Annotations

Branches:
Dungeon (3/15)              Sewer (1/1)

Altars:
Dithmenos

Shops:
D:3 [


Message History

You enter the shallow water.
Moving in this stuff is going to be slow.
A ball python comes into view.
The ball python hisses angrily.
The magic dart hits the ball python!
You kill the ball python!
You can't see any susceptible monsters within range! (Use Z to cast anyway.)
Found a scale mail.
Found a pink potion, a plate armour and 18 gold pieces.
You enter the shallow water.
Moving in this stuff is going to be slow.
You enter the shallow water.
Moving in this stuff is going to be slow.
A bullfrog comes into view.
The bullfrog gives a loud, deep croak!
A bullfrog comes into view.
The bullfrog barely misses you.
Casting: Magic Dart (safe; 1% risk of failure)
Confirm with . or Enter, or press ? or * to list all spells.
You don't know that spell.
Casting: Magic Dart (safe; 1% risk of failure)
Confirm with . or Enter, or press ? or * to list all spells.
Aiming: Searing Ray (safe; 1% risk of failure)
Press: ? - help, Shift-Dir - straight line, f - bullfrog
Aim: a bullfrog (74% to hit)
The searing ray hits the bullfrog!
The bullfrog is moderately wounded. (Press . to maintain the ray.)
The bullfrog hits you! The bullfrog barely misses you.
The searing ray hits the bullfrog.
The bullfrog is heavily wounded.
The bullfrog hits you.
The searing ray hits the bullfrog!
The bullfrog is almost dead.
The bullfrog hits you. The bullfrog hits you!
* * * LOW HITPOINT WARNING * * *
The searing ray hits the bullfrog!
You kill the bullfrog!
You finish channeling your searing ray.
The bullfrog hits you!
You die...

≈≈≈≈≈≈≈≈†≈≈≈≈≈≈≈≈≈≈≈≈≈≈≈≈≈.#
....≈≈..≈≈.≈..≈.≈≈≈≈≈≈≈≈≈.†#
################≈≈≈†.##≈≈.##
# #≈≈≈≈≈##≈≈≈# #
#.≈≈≈≈##≈≈≈# # ######
#.≈≈≈.##≈≈.# #
#≈≈≈≈≈###.≈≈≈.##≈≈.# #
≈≈≈≈≈≈≈≈#.≈≈≈.##≈†≈# #
≈≈≈≈≈≈≈≈#@≈≈≈.##.≈.# #
≈≈≈≈≈≈≈≈F.≈≈≈.###≈## #
≈≈≈≈≈≈≈≈≈.≈≈≈.# #.# #
≈≈≈≈≈≈≈≈≈.≈≈≈.# #.# #
≈≈≈.≈≈≈≈≈.≈≈≈.# #∩# #
≈≈.!.≈≈≈≈≈≈≈≈.# #.# #
≈.[[?≈≈≈≈≈≈≈≈.# #∩# #
≈≈.$≈≈≈≈≈≈≈≈≈.# #.# #
≈≈≈≈≈≈≈≈≈≈≈≈≈.# ###


You could see a bullfrog.

Vanquished Creatures
  A bullfrog (Sewer)
  3 adders
  An adder zombie (D:3)
  A dart slug (D:1)
  4 orcs (D:3)
  9 endoplasms
  9 giant cockroaches
  2 goblins
  3 hobgoblins
  2 jackals (D:1)
  5 kobolds
  5 quokkas
  11 ball pythons
  A bat (D:1)
  8 frilled lizards
  A rat (D:2)
66 creatures vanquished.

Notes
Turn   | Place    | Note
-------+----------+-------------------------------------------
     0 | D:1      | mcsnuffy the Deep Elf Conjurer began the quest for the Orb.
     0 | D:1      | Reached XP level 1. HP: 10/10 MP: 6/6
   170 | D:1      | Reached XP level 2. HP: 15/15 MP: 4/8
   302 | D:1      | Reached skill level 5 in Conjurations
   990 | D:2      | Reached XP level 3. HP: 19/19 MP: 4/10
  1402 | D:2      | Learned a level 2 spell: Searing Ray
  1544 | D:3      | Found a shadowy altar of Dithmenos.
  1605 | D:3      | Found Vokytaelu's Antique Armour Shoppe.
  1614 | D:3      | Reached skill level 5 in Spellcasting
  1725 | D:3      | Reached XP level 4. HP: 24/24 MP: 11/13
  1730 | D:3      | Found a glowing drain.
  1735 | D:3      | Reached skill level 1 in Fighting
  1742 | Sewer    | Entered a sewer
  2130 | Sewer    | Noticed a bullfrog
  2130 | Sewer    | Noticed a bullfrog
  2136 | Sewer    | Killed a bullfrog
  2136 | Sewer    | Slain by a bullfrog

Illustrated notes

Levels and vault maps discovered:
D:1:      ncdulo_watergridlock, layout_basic
D:2:      layout_basic, shapermc_ecumenical_altar_gd, minmay_statues_item
D:3:      layout_loops_ring, mainiacjoe_overflow_small_starburst, serial_shops,
          nicolae_shop_stone, portal_sewer_entry_d
Sewer:    sewer_frog_island_01

Skill      XL: |  1  2  3  4 |
---------------+-------------+-----
Conjurations   | 5 |  5.0
Spellcasting   | 4 5 |  5.0
Fighting       | 1 |  1.0
Dodging        | 3 |  3.3
Stealth        | |  2.4

Action                   |  1- 3 |  4- 6 || total
-------------------------+-------+-------++-------
Melee: Dagger            |     3 |       ||     3
 Cast: Magic Dart        |    77 |    34 ||   111
       Searing Ray       |       |     1 ||     1
  Use: Scroll            |     1 |       ||     1
 Stab: Sleeping          |     3 |       ||     3
Armor: Robe              |       |     1 ||     1
Dodge: Dodged            |     3 |     3 ||     6

Table legend: (Time is in decaauts)
 A = Elapsed time spent in this place.
 B = Non-inter-level travel time spent in this place.
 C = Inter-level travel time spent in this place.
 D = Time resting spent in this place.
 E = Time spent auto-exploring this place.
 F = Levels seen in this place.
 G = Mean time per level.
                   A        B        C        D        E       F      G
               +--------+--------+--------+--------+--------+-----+--------+
         Total |   2163 |   2124 |     39 |    141 |   1389 |   4 |  540.8 |
       Dungeon |   1745 |   1706 |     39 |     43 |   1187 |   3 |  581.7 |
         Sewer |    418 |    418 |      0 |     98 |    202 |   1 |  418.0 |
               +--------+--------+--------+--------+--------+-----+--------+

Top non-repeatable levels by time:
     D:1: 921 daAuts
     D:2: 506 daAuts
   Sewer: 418 daAuts
     D:3: 316 daAuts
